 Dungeon Crawl Stone Soup version 0.29.1-2-gbd0b4ee654 (webtiles) character file.

Game seed: 11908437821921547534

2 BreadTh the Firebug (level 1, 0/14 HPs)
             Began as a Hill Orc Fire Elementalist on Nov 21, 2022.
             Slain by a jackal (2 damage)
             ... on level 1 of the Dungeon.
             The game lasted 00:01:16 (119 turns).

BreadTh the Firebug (Hill Orc Fire Elementalist)     Turns: 119, Time: 00:01:17

Health: 0/14       AC:  2    Str: 10    XL:     1   Next: 30%
Magic:  0/3        EV: 12    Int: 15    God:
Gold:   5          SH:  0    Dex: 11    Spells: 2/3 levels left

rFire   . . .      SeeInvis .   (no weapon)
rCold   . . .      Faith    .   (no shield)
rNeg    . . .      Spirit   .   a - +0 robe
rPois   .          Reflect  .   (no helmet)
rElec   .          Harm     .   (no cloak)
rCorr   .          Rampage  .   (no gloves)
Will    .....                   (no boots)
Stlth   ++........              (no amulet)
HPRegen 0.04/turn               (no ring)
MPRegen 0.08/turn               (no ring)

@: no status effects
A: no striking features
a: no special abilities


You were on level 1 of the Dungeon.
You visited 1 branch of the dungeon, and saw 1 of its levels.

You collected 5 gold pieces.

Inventory:

Armour
 a - a +0 robe (worn)
Potions
 b - a potion of magic
 c - a potion of attraction {unknown}


   Skills:
 * Level 0.0 Fighting
 - Level 1.6 Dodging
 + Level 1.6 Stealth
 + Level 1.6 Spellcasting
 * Level 1.0 Conjurations
 * Level 3.3 Fire Magic


You had 2 spell levels left.
You knew the following spells:

 Your Spells              Type           Power      Damage    Failure   Level
a - Foxfire               Conj/Fire      28%        2x1d5     10%         1

Your spell library contained the following spells:

 Spells                   Type           Power      Damage    Failure   Level
 Scorch                   Fire           22%        2d6       9%          2
 Conjure Flame            Conj/Fire      7%         6-21      28%         3
 Inner Flame              Hex/Fire       6%         N/A       34%         3
 Flame Wave               Conj/Fire      7%         2d5       67%         4


Dungeon Overview and Level Annotations

Branches:
Dungeon (1/15)

Altars:


Message History

You hear a bark! x2
You see here a scroll labelled ZUZURH UKHLISM.
Casting: Foxfire (safe; 10% risk of failure)
Confirm with . or Enter, or press ? or * to list all spells.
You conjure some foxfire!
A jackal comes into view.
The jackal barely misses you.
Your foxfire dissipates!
The foxfire hits the jackal.
The jackal is severely wounded.
The jackal bites you.
Casting: Foxfire (safe; 10% risk of failure)
Confirm with . or Enter, or press ? or * to list all spells.
Okay, then.
The jackal attacks as you move away! The jackal closely misses you.
Casting: Foxfire (safe; 10% risk of failure)
Confirm with . or Enter, or press ? or * to list all spells.
You conjure some foxfire!
The foxfire hits the jackal.
The jackal is heavily wounded.
The foxfire hits the jackal.
The jackal is severely wounded.
Casting: Foxfire (safe; 10% risk of failure)
Confirm with . or Enter, or press ? or * to list all spells.
You conjure some foxfire!
The jackal bites you. x2
The jackal closely misses you.
Your foxfire dissipates!
The foxfire hits the jackal but does no damage.
The jackal is severely wounded.
The jackal attacks as you move away! The jackal bites you.
The jackal attacks as you move away! The jackal barely misses you.
The jackal attacks as you move away! The jackal closely misses you.
The jackal attacks as you move away! The jackal bites you.
* * * LOW HITPOINT WARNING * * *
A jackal comes into view.
The jackal bites you.
* * * LOW HITPOINT WARNING * * *
The jackal closely misses you.
The jackal moves out of view.
The jackal bites you.
You die...

#### ..# +..#### #.# #....#
#.# #.# #....#### #.# #.#
#.......# #.# #.# ##
#.......# #.# ####.# #.
#.#...hh# #.####>##.###.
#?#...h@###.##...##..'..
#h...#.........##.####.###.
#h#..h.........##.'....# #.
# #............##.####.# ##
......>......##...##.#
####..........####.##.#
##########'#######.#
#.........###.#
#.........##..#


You could see 4 jackals.

Vanquished Creatures
  A ball python (D:1)
  A bat (D:1)
2 creatures vanquished.

Vanquished Creatures (others)
  8 foxfires (D:1)
8 creatures vanquished.

Grand Total: 10 creatures vanquished

Notes
Turn   | Place    | Note
-------+----------+-------------------------------------------
     0 | D:1      | BreadTh the Hill Orc Fire Elementalist began the quest for
                  | the Orb.
     0 | D:1      | Reached XP level 1. HP: 14/14 MP: 3/3
   119 | D:1      | Slain by a jackal

Illustrated notes

Levels and vault maps discovered:
D:1:      dpeg_arrival_renting, layout_basic, hellmonk_ecumenical_altar_run_dry

Action                   || total
-------------------------++-------
 Cast: Foxfire           ||     5
Dodge: Dodged            ||     7
